 Dungeon Crawl Stone Soup version 0.30.1-3-gfc49f6343a (webtiles) character file.

Game seed: 959984629857891245

69 Peloso the Covered (level 4, -1/40 HPs)
             Began as a Minotaur Fighter on July 21, 2023.
             Killed by divine providence
             ... invoked by an orc priest
              (10 damage)
             ... on level 3 of the Dungeon.
             The game lasted 00:02:10 (1176 turns).

Peloso the Covered (Minotaur Fighter)               Turns: 1176, Time: 00:02:10

Health: -1/40      AC:  8    Str: 21    XL:     4   Next: 2%
Magic:  3/3        EV:  9    Int:  5    God:
Gold:   114        SH:  5    Dex: 14    Spells: 3/3 levels left

rFire   . . .        b - +6 dagger "Luriomm" {heavy, rC+ Dex+3}
rCold   + . .        d - +0 buckler
rNeg    . . .        j - +0 scale mail
rPois   .            (helmet restricted)
rElec   .            (no cloak)
rCorr   +            c - +0 pair of gloves
SInv    .            (no boots)
Will    .....        (no amulet) Stlth
                     k - ring of resist corrosion
HPRegen 0.26/turn    (no ring)
MPRegen 0.08/turn

%: no passive effects
@: no status effects
A: horns 2, retaliatory headbutt
a: no special abilities


You were on level 3 of the Dungeon.
You visited 1 branch of the dungeon, and saw 3 of its levels.

You collected 114 gold pieces.

Inventory:

Hand Weapons
 a - a +0 long sword
 b - the +6 dagger "Luriomm" (weapon) {heavy, rC+ Dex+3}
   (You took it off a kobold on level 2 of the Dungeon)

   Dex:       It affects your dexterity (+3).
   rC:        It protects you from cold.
Armour
 c - a +0 pair of gloves (worn)
 d - a +0 buckler (worn)
 j - a +0 scale mail (worn)
Jewellery
 e - a ring of ice
 k - a ring of resist corrosion (left hand)
Scrolls
 f - a scroll of silence
 l - 2 scrolls of acquirement {unknown}
 m - 2 scrolls of magic mapping {unknown}
Potions
 h - a potion of berserk rage
 i - a potion of might
 n - a potion of flight


   Skills:
 + Level 4.2 Fighting
 + Level 3.7 Long Blades
 + Level 4.3 Armour
 + Level 0.4 Dodging
 + Level 4.0 Shields


You had 3 spell levels left.
You didn't know any spells.
Your spell library was empty.

Dungeon Overview and Level Annotations

Branches:
Dungeon (3/15)

Altars:


Innate Abilities, Weirdness & Mutations

You have a pair of horns on your head.
You reflexively headbutt those who attack you in melee.


Message History

(D) Dungeon
Where to? (Enter - D:12, ? - help)
What level of the Dungeon? (default 1, ? - help)
There is a stone staircase leading down here.
You climb downwards.
Found a chain mail.
There is a stone staircase leading up here.
An orc is nearby!
An orc comes into view. It is wielding a +0 club.
The orc shouts!
You hear a shout!
An orc priest comes into view.
It is wielding a +0 mace and wearing a +2 leather armour of poison resistance.
The orc hits you but does no damage.
You closely miss the orc. The orc hits you but does no damage.
You barely miss the orc. You block the orc's attack.
The orc priest casts a cantrip, but nothing happens.
You hit the orc but do no damage. The orc hits you with a +0 dagger.
You puncture the orc!
You kill the orc!
The orc priest mumbles some strange prayers to Beogh against you.
Beogh smites you!
Your Shields skill increases to level 4!
You hit the orc. You headbutt the orc.
You kill the orc!
The orc priest calls down the wrath of Beogh upon you.
You barely resist.
You have reached level 4!
You feel stronger.
Items here: )) [[ †.
You hit the orc priest.
The orc priest is lightly wounded.
The orc priest invokes the aid of Beogh against you.
Pain shoots through your body!
* * * LOW HITPOINT WARNING * * *
You block the orc priest's attack.
You puncture the orc priest!
You headbutt the orc priest, but do no damage.
The orc priest is almost dead.
The orc priest calls down the wrath of Beogh upon you.
Beogh smites you!
You die...

###
######<#####.####
#........@o.[....
#.####.##########
#.# #.# #.# #.#
... ..


You could see an orc priest.

Vanquished Creatures
  3 adders (D:2)
  A worm (D:2)
  2 orcs (D:3)
  2 bats (D:1)
  3 endoplasms
  2 giant cockroaches (D:1)
  7 goblins
  4 jackals (D:1)
  4 kobolds
  A quokka (D:1)
  2 ball pythons
  A frilled lizard (D:1)
  3 rats
35 creatures vanquished.

Notes
Turn   | Place    | Note
-------+----------+-------------------------------------------
     0 | D:1      | Peloso the Minotaur Fighter began the quest for the Orb.
     0 | D:1      | Reached XP level 1. HP: 19/19 MP: 0/0
   103 | D:1      | Found a faded altar of an unknown god.
   227 | D:1      | Reached XP level 2. HP: 27/27 MP: 1/1
   731 | D:2      | Reached XP level 3. HP: 29/33 MP: 2/2
   752 | D:2      | Identified the +6 dagger "Luriomm" {heavy, rC+ Dex+3}
  1174 | D:3      | Reached XP level 4. HP: 22/40 MP: 3/3
  1176 | D:3      | Killed from afar by an orc priest

Illustrated notes

Levels and vault maps discovered:
D:1:      amcnicky_arrival_feature_with_door, layout_basic,
          ebering_ecumenical_altar_mist, minmay_misc_feat_doors,
          chequers_serial_rivers_micro_d, minivault_25
D:2:      layout_rooms
D:3:      layout_basic, serial_shops, shop

Skill      XL: |  1  2  3 |
---------------+----------+-----
Armour         | 4 |  4.3
Long Blades    | 3 |  3.7
Fighting       | 4 |  4.2
Shields        | 4 |  4.0
Dodging        | |  0.4

Action                     |  1- 3 |  4- 6 || total
---------------------------+-------+-------++-------
  Melee: Long sword        |    56 |       ||    56
         Headbutt          |    11 |     1 ||    12
         Dagger            |    17 |     2 ||    19
    Use: Scroll            |     3 |       ||     3
         Potion            |     1 |       ||     1
 Armour: Scale mail        |    43 |       ||    43
  Dodge: Dodged            |    36 |       ||    36
  Block: Buckler           |    17 |     1 ||    18
